 Dungeon Crawl Stone Soup version 0.22.2-1-ge965b3a (webtiles) character file.

259996 nicolaieve the Slayer (level 19, -4/198 HPs)
             Began as a Minotaur Berserker on Mar 8, 2019.
             Was the Champion of Trog.
             Slain by a deep troll (7 damage)
             ... on level 1 of the Depths on May 31, 2019.
             The game lasted 03:29:13 (35630 turns).

nicolaieve the Slayer (Minotaur Berserker)         Turns: 35630, Time: 03:29:14

Health: -4/198     AC: 35    Str: 23    XL:     19   Next: 54%
Magic:  18/18      EV: 13    Int:  9    God:    Trog [******]
Gold:   2472       SH: 24    Dex:  8    Spells: 18/18 levels left

rFire    . . .     SeeInvis .   E - +4 eveningstar (distort)
rCold    + . .     Gourm    .   a - +3 large shield of Wafos {Regen+ rCorr Dex-5}
rNeg     . . .     Faith    .   g - +2 plate armour {rC+}
rPois    +         Spirit   .   h - +1 hat
rElec    +         Reflect  .   I - +1 cloak
rCorr    +         Harm     .   v - +1 pair of gloves
MR       +....                  F - +0 pair of boots of Inquiry {Int+5} (curse)
Stlth    ..........             X - amulet of Ciweig {rElec rPois Regen+ Str-2}
HPRegen  1.23/turn              i - +6 ring of protection
MPRegen  0.16/turn              M - +4 ring of evasion

@: afraid
A: retaliatory headbutt, horns 2, clumsy 1
}: 1/15 runes: decaying
a: Berserk, Trog's Hand, Brothers in Arms, Renounce Religion


You were on level 1 of the Depths.
You worshipped Trog.
Trog was exalted by your worship.
You were hungry.

You visited 7 branches of the dungeon, and saw 34 of its levels.
You visited the Abyss 1 time.
You also visited: Ice Cave.

You collected 3411 gold pieces.
You spent 939 gold pieces at shops.

Inventory:

Hand Weapons
 p - a +2 demon whip of electrocution
 E - a +4 eveningstar of distortion (weapon)
 K - the +4 demon whip "Lyizocaz" {elec, Str+3}
   (You bought it in a shop on level 2 of the Orcish Mines)

   Occasionally, upon striking a foe, it will discharge some electrical energy
   and cause terrible harm.
   It affects your strength (+3).
 R - the +3 dire flail "Seitohuc" {holy, rPois MR+ Str-3 Dex+4}
   (You took it off a two-headed ogre on level 9 of the Dungeon)

   It has been blessed by the Shining One to cause great damage to the undead
   and demons.
   It affects your strength (-3).
   It affects your dexterity (+4).
   It protects you from poison.
   It affects your resistance to hostile enchantments.
 T - a +7 dire flail of draining
Missiles
 O - 196 arrows
Armour
 a - the +3 large shield of Wafos (worn) {Regen+ rCorr Dex-5}
   (You took it off Louise on level 1 of the Depths)

   It affects your dexterity (-5).
   It increases your rate of regeneration.
   It provides partial protection from all sources of acid and corrosion.
 g - a +2 plate armour of cold resistance (worn)
 h - a +1 hat (worn)
 v - a +1 pair of gloves (worn)
 F - the cursed +0 pair of boots of Inquiry (worn) {Int+5}
   (You found it on level 1 of the Vaults)

   It affects your intelligence (+5).
   It has a curse placed upon it.
 H - the +0 cloak of Qicous {+Inv rElec MR+ Int-3}
   (You found it on level 1 of the Lair of Beasts)

   It affects your intelligence (-3).
   It insulates you from electricity.
   It affects your resistance to hostile enchantments.
   It lets you turn invisible.
 I - a +1 cloak (worn)
 J - a +0 shield of protection
Jewellery
 i - a +6 ring of protection (left hand)
 A - the ring "Wuborgh" {rElec rN+ MR- Int+2 Dex+2}
   (You found it on level 3 of the Swamp)

   [ring of intelligence]

   It affects your intelligence (+2).
   It affects your dexterity (+2).
   It insulates you from electricity.
   It protects you from negative energy.
   It affects your resistance to hostile enchantments.
 M - a +4 ring of evasion (right hand)
 W - an uncursed ring of resist corrosion
 X - the amulet of Ciweig (around neck) {rElec rPois Regen+ Str-2}
   (You found it on level 6 of the Lair of Beasts)

   [amulet of regeneration]

   It affects your strength (-2).
   It insulates you from electricity.
   It protects you from poison.
   It increases your rate of regeneration.
 Y - a +5 amulet of reflection
 Z - an uncursed ring of protection from fire
Wands
 B - a wand of digging (47)
Scrolls
 b - 9 scrolls of teleportation
 e - 13 scrolls of remove curse
 j - a scroll of blinking
 l - 6 scrolls of fear
 o - 5 scrolls of enchant armour
 u - 8 scrolls of enchant weapon
 x - 4 scrolls of magic mapping
 y - a scroll of summoning
 z - 8 scrolls of fog
 G - 3 scrolls of identify
 N - a scroll of brand weapon
 P - a scroll of holy word
 S - a scroll of silence
Potions
 d - 2 potions of might
 f - 2 potions of brilliance
 m - 4 potions of flight
 n - 17 potions of curing
 q - 5 potions of heal wounds
 r - 4 potions of cancellation
 t - 6 potions of resistance
 w - 5 potions of ambrosia
 C - 5 potions of mutation
 D - 3 potions of haste
 L - 3 potions of agility
 U - a potion of invisibility
 V - 4 potions of lignification
Comestibles
 c - 52 rations
 k - 7 chunks of flesh


   Skills:
 + Level 23.8 Fighting
 + Level 17.7 Maces & Flails
   Level 1.2 Slings
 + Level 19.9 Armour
 + Level 6.7 Dodging
 + Level 17.9 Shields


You had 18 spell levels left.
You didn't know any spells.
Your spell library was empty.

Dungeon Overview and Level Annotations

Branches:
Dungeon (15/15)            Temple (0/1) D:5            Lair (6/6) D:10
  Swamp (4/4) Lair:4        Snake (0/4) Lair:2        Slime (1/5) Lair:6
    Orc (2/2) D:12            Elf (0/3) Orc:2        Vaults (5/5) D:13
  Crypt (0/3) Vaults:3     Depths (1/5) D:15

Altars:
Ashenzari
Hepliaklqana
Makhleb
Okawaru
Sif Muna
Trog
Uskayaw
Xom
Yredelemnul
Beogh

Shops:
D:10 :=   Orc:2 *=!}?(   Vaults:1 **=%   Vaults:2 (   Vaults:4 *

Portals:
Abyss: Depths:1
Trove: Vaults:4 (give +5 ice dragon scales)

Annotations:
D:12 exclusion: oklob plant
Vaults:4 Hyulusul's ghost, adept DgTm
Depths:1 exclusion: obsidian statue
Abyss:1 Josephine, Saint Roka


Innate Abilities, Weirdness & Mutations

You reflexively headbutt those who attack you in melee.
You have a pair of horns on your head.
You are clumsy. (Dex -2)


Message History

The deep troll claws you but does no damage.
The deep troll claws you.
* * * LOW HITPOINT WARNING * * *
The deep troll bites you!
* * * LOW HITPOINT WARNING * * *
The deep troll claws you!
* * * LOW HITPOINT WARNING * * *
The deep troll claws you but does no damage.
The yaktaur shoots a bolt.
The bolt hits you.
* * * LOW HITPOINT WARNING * * *
The deep troll earth mage barely misses you.
The deep troll earth mage claws you but does no damage. x2
You can move again.
Unknown command.
Okay, then.
You cannot read scrolls while unable to breathe!
You slip free of the water engulfing you.
You gasp with relief as air once again reaches your lungs.
The deep troll bites you!
You die...

...!#......
.##...#.....##
#..∩..#......#
#...##..#...###
#.....c#......#
.#....#......)##########
..####....(.(()/(.(..(..
.........)..((##########
......T@.#..### ####
......T(.#...≈. #≈..
......GT##≈.≈.§.≈ #...
.......T######### #<.#
....G...# #(4#..#
.....T.(# 4338(.#.≈#
......... 355#?$#..#
......T.. ## #$≈#..#
......... ≈§§§#...


You could see a great orb of eyes, a glowing orange brain, 4 deep trolls, 2 deep
troll earth magi and a yaktaur.

Vanquished Creatures
  Mara (Vaults:2)
  Boris (Vaults:2)
  A lich (Vaults:3)
  A sphinx (Vaults:4)
  Kirke (Swamp:4)
  Roxanne (Swamp:4)
  A fire giant (Vaults:3)
  An orc warlord (Vaults:3)
  Louise (Depths:1)
  5 vault wardens
  11 ironheart preservers
  A reaper (IceCv)
  6 stone giants
  A war gargoyle (Vaults:4)
  A very ugly thing (Vaults:3)
  2 deep elf annihilators
  A deep elf demonologist (Vaults:4)
  2 eidola
  Erolcha (D:9)
  6 great orbs of eyes
  Fannar (D:11)
  A fire dragon (Vaults:3)
  7 yaktaur captains
  An ice dragon (Vaults:3)
  A vault guard (D:13)
  25 hydras
  A ghost crab (Swamp:3)
  The ghost of matthes123 the Grappler, a novice TrBe of Trog (D:9)
  6 alligators
  9 centaur warriors
  22 two-headed ogres
  3 deep troll shamans
  3 death knights
  2 tengu warriors
  4 death yaks (Lair:5)
  7 ogre magi
  A titan zombie (Vaults:4)
  2 deep troll earth magi
  3 orc high priests (Orc:2)
  A deep elf knight (Vaults:1)
  Urug (Lair:5)
  A soul eater (Vaults:4)
  A shadow wraith (Vaults:3)
  11 skeletal warriors
  3 unseen horrors
  2 spriggan druids
  A flayed ghost (Vaults:4)
  10 swamp dragons
  11 deep trolls
  7 ironbrand convokers
  2 deep elf archers (Vaults:4)
  A shambling mangrove (Swamp:1)
  A wolf spider zombie (D:14)
  Pikel (D:9)
  11 orc knights
  2 phantasmal warriors
  2 necromancers (Vaults:3)
  A fire giant zombie (Vaults:3)
  An orb spider (shapeshifter) (Vaults:1)
  2 wolf spiders
  A frost giant zombie (Vaults:4)
  A shining eye (shapeshifter) (Vaults:3)
  5 manticores
  6 deep elf magi
  A faun (shapeshifter) (Vaults:2)
  3 cyclopes
  24 ugly things
  Maurice (D:13)
  A black mamba (shapeshifter) (Vaults:4)
  A guardian serpent (shapeshifter) (D:14)
  Joseph (D:7)
  14 elephants
  2 ice statues (IceCv)
  14 vault sentinels
  A torpor snail (Lair:5)
  5 black mambas
  An orange demon (Depths:1)
  14 spiny frogs
  2 gargoyles
  An elf zombie (D:15)
  A storm dragon simulacrum (Vaults:3)
  3 freezing wraiths
  12 komodo dragons
  6 kobold demonologists
  4 rime drakes
  A komodo dragon (shapeshifter) (D:13)
  34 yaktaurs
  An efreet (D:14)
  A harpy zombie (Abyss:2)
  10 ice devils (IceCv)
  A guardian mummy (D:15)
  An ancient zyme (Depths:1)
  5 tyrant leeches
  6 trolls
  A meliai (shapeshifter) (Vaults:3)
  9 polar bears (Lair:6)
  Prince Ribbit (D:5)
  3 hornets
  8 bog bodies
  A wolf spider simulacrum (Lair:1)
  A dream sheep (Lair:6)
  A large abomination (Abyss:2)
  65 slime creatures
  11 blink frogs
  4 raiju
  A stone giant simulacrum (Vaults:4)
  15 hippogriffs
  An ettin zombie (Vaults:4)
  2 shadows
  2 vampires
  26 yaks
  2 spriggans (Swamp:3)
  7 wyverns
  8 wraiths
  9 basilisks
  A hog (Swamp:4)
  A human (Swamp:4)
  Grum (D:8)
  4 hungry ghosts
  4 steam dragons
  A yaktaur simulacrum (Vaults:4)
  12 vampire mosquitoes
  10 wargs
  3 acid dragons
  12 swamp worms
  5 insubstantial wisps (Swamp:4)
  A soldier ant (D:13)
  A hydra simulacrum (Lair:1)
  A small abomination (Depths:1)
  10 hell hounds (Lair:6)
  10 water moccasins
  6 sky beasts
  14 swamp drakes
  42 orc warriors
  7 porcupines
  11 black bears
  3 eyes of draining
  3 slaves (D:9)
  3 ice beasts
  An ogre (shapeshifter) (Vaults:4)
  3 phantoms
  29 ogres
  A necrophage (D:11)
  35 centaurs
  25 wolves
  17 crocodiles
  A big kobold (D:10)
  Blork the orc (D:5)
  16 bullfrogs
  A water moccasin zombie (D:8)
  A wyvern skeleton (D:13)
  7 scorpions
  12 killer bees
  8 wights
  8 electric eels
  3 howler monkeys
  10 crimson imps
  A komodo dragon simulacrum (Lair:1)
  A human simulacrum (Vaults:3)
  5 jellies
  A bullfrog zombie (D:9)
  A wyvern simulacrum (D:14)
  4 centaur skeletons
  28 orc priests
  4 centaur zombies
  8 hounds
  15 orc wizards
  Natasha (D:3)
  4 bullfrog skeletons
  3 iguanas
  11 worker ants
  A bullfrog simulacrum (Lair:1)
  A howler monkey zombie (D:7)
  3 worker ant zombies
  13 adders
  2 gnolls (D:3)
  6 shadow imps
  19 white imps
  7 ufetubi (IceCv)
  An adder zombie (D:5)
  2 adder skeletons
  3 worms
  A dart slug (D:1)
  10 leopard geckos
  102 orcs
  A ball python (D:1)
  10 bats
  10 giant cockroaches
  8 goblins
  9 hobgoblins
  16 jackals
  5 quokkas
  7 frilled lizards
  17 kobolds
  A leopard gecko skeleton (D:9)
  A quokka skeleton (D:5)
  8 rats
  A fungus (Lair:4)
  6 plants
  4 withered plants (D:15)
1289 creatures vanquished.

Vanquished Creatures (others)
  A thorn hunter (Swamp:4)
  A frost giant (Vaults:4)
  A vault warden (Vaults:4)
  2 stone giants (Depths:1)
  A very ugly thing (Vaults:3)
  A fire dragon (Lair:6)
  2 ogre magi
  A vault guard (Vaults:2)
  2 hydras
  A centaur warrior (Vaults:2)
  A tengu warrior (D:14)
  2 two-headed ogres (Vaults:1)
  An orc high priest (Orc:2)
  A storm dragon zombie (Vaults:3)
  A skeletal warrior (D:13)
  An unseen horror (D:15)
  2 deep trolls (Vaults:3)
  A wizard (D:14)
  2 phantasmal warriors (D:14)
  4 swamp dragons (Swamp:4)
  An ironbrand convoker (Vaults:3)
  3 orc knights
  An ugly thing (Vaults:4)
  A necromancer (D:15)
  A cyclops (Vaults:2)
  A sphinx skeleton (D:15)
  An elephant (Lair:6)
  4 vault sentinels
  An eye of devastation (Lair:6)
  A komodo dragon (Lair:6)
  4 yaktaurs
  A freezing wraith (D:14)
  A polar bear (Lair:6)
  2 tyrant leeches
  3 slime creatures
  A bog body (Swamp:4)
  An ettin zombie (D:15)
  A deep troll skeleton (D:15)
  A spriggan (shapeshifter) (Depths:1)
  A wraith (D:13)
  2 basilisks (Lair:6)
  A yak (Lair:5)
  3 hogs (Swamp:4)
  A vampire mosquito (D:13)
  2 swamp worms (Swamp:2)
  2 hell hounds (Lair:6)
  4 swamp drakes
  A black bear (Lair:6)
  2 orc warriors (Orc:1)
  A wolf (Lair:6)
  5 white imps (IceCv)
  2 ufetubi (IceCv)
  16 fungi
  39 plants
  4 withered plants (D:15)
145 creatures vanquished.

Grand Total: 1434 creatures vanquished

Notes
Turn   | Place    | Note
-------+----------+-------------------------------------------
     0 | D:1      | nicolaieve the Minotaur Berserker began the quest for the
                  | Orb.
     0 | D:1      | Reached XP level 1. HP: 19/19 MP: 0/0
    95 | D:1      | Reached XP level 2. HP: 20/26 MP: 1/1
   217 | D:1      | Reached skill level 5 in Maces & Flails
   246 | D:1      | Reached ** piety under Trog
   359 | D:1      | Reached XP level 3. HP: 31/31 MP: 2/2
   929 | D:2      | Found a shattered altar of Ashenzari.
  1047 | D:2      | Reached XP level 4. HP: 39/39 MP: 3/3
  1726 | D:3      | Reached XP level 5. HP: 23/45 MP: 4/4
  1791 | D:3      | Found a hazy altar of Hepliaklqana.
  1908 | D:3      | Reached *** piety under Trog
  2040 | D:3      | Noticed Natasha
  2051 | D:3      | Killed Natasha
  2164 | D:3      | Found a hide-covered altar of Uskayaw.
  2474 | D:4      | Noticed a phantom
  2487 | D:4      | Killed a phantom
  2487 | D:4      | Reached XP level 6. HP: 51/51 MP: 5/5
  2584 | D:4      | Found a basalt altar of Yredelemnul.
  2826 | D:4      | Reached **** piety under Trog
  2839 | D:4      | Reached XP level 7. HP: 52/57 MP: 6/6
  2958 | D:5      | Entered Level 5 of the Dungeon
  2991 | D:5      | Reached skill level 10 in Maces & Flails
  3066 | D:5      | Found a staircase to the Ecumenical Temple.
  3088 | D:5      | Noticed Prince Ribbit
  3109 | D:5      | Killed Prince Ribbit
  3120 | D:5      | Noticed Blork the orc
  3127 | D:5      | Killed Blork the orc
  3127 | D:5      | Reached XP level 8. HP: 46/64 MP: 7/7
  3608 | D:6      | Found a hazy altar of Hepliaklqana.
  4125 | D:6      | Found a bloodstained altar of Trog.
  4419 | D:7      | Noticed Joseph
  4421 | D:7      | Paralysed by Joseph for 7 turns
  4437 | D:7      | Killed Joseph
  4437 | D:7      | Reached XP level 9. HP: 26/70 MP: 8/8
  5021 | D:8      | Reached skill level 15 in Maces & Flails
  5086 | D:8      | Noticed Grum
  5098 | D:8      | Killed Grum
  5114 | D:8      | HP: 3/70 [wolf[Grum] (2)]
  5331 | D:8      | Reached skill level 1 in Slings
  5401 | D:8      | Reached skill level 4 in Fighting
  5436 | D:8      | Reached XP level 10. HP: 77/78 MP: 9/9
  5649 | D:8      | Reached skill level 5 in Fighting
  5702 | D:9      | Found a transporter.
  5703 | D:9      | Noticed a two-headed ogre
  5705 | D:9      | Noticed matthes123's ghost (novice TrBe)
  5706 | D:9      | Found a transporter.
  5712 | D:9      | Reached ***** piety under Trog
  5787 | D:9      | Noticed a death knight
  5797 | D:9      | Killed a death knight
  5797 | D:9      | Reached skill level 6 in Fighting
  5797 | D:9      | Reached skill level 5 in Armour
  6117 | D:9      | Noticed Erolcha
  6117 | D:9      | Noticed a two-headed ogre
  6119 | D:9      | Noticed a manticore
  6134 | D:9      | Reached skill level 7 in Fighting
  6149 | D:9      | Killed a two-headed ogre
  6159 | D:9      | Killed a manticore
  6159 | D:9      | Reached skill level 8 in Fighting
  6175 | D:9      | Killed Erolcha
  6175 | D:9      | Reached XP level 11. HP: 36/95 MP: 10/10
  6308 | D:9      | Noticed Pikel
  6333 | D:9      | Killed Pikel
  6365 | D:9      | Reached skill level 9 in Fighting
  6715 | D:9      | Killed matthes123's ghost
  6722 | D:9      | Killed a two-headed ogre
  6722 | D:9      | Received a gift from Trog
  6722 | D:9      | Reached skill level 10 in Armour
  6724 | D:9      | Got a brightly glowing great mace {flame}
  6724 | D:9      | Got a polished dire flail {holy}
  6748 | D:9      | Identified the cursed +1 great mace of Sulphur {flame,
                  | +Rage rN++ Str-4 Dex+3} (You took it off a two-headed ogre
                  | on level 9 of the Dungeon)
  6750 | D:9      | Identified the +3 dire flail "Seitohuc" {holy, rPois MR+
                  | Str-3 Dex+4} (You took it off a two-headed ogre on level 9
                  | of the Dungeon)
  6824 | D:10     | Entered Level 10 of the Dungeon
  6830 | D:10     | Found a staircase to the Lair.
  6847 | D:10     | Reached skill level 10 in Fighting
  7052 | D:10     | Found Vompogre's Book Boutique.
  7378 | D:10     | Found Beanow's Jewellery Emporium.
  7756 | D:11     | Noticed Fannar
  7766 | D:11     | Killed Fannar
  7766 | D:11     | Reached skill level 11 in Fighting
  7853 | D:11     | Noticed a four-headed hydra
  7858 | D:11     | Killed a four-headed hydra
  7986 | D:11     | Found a deep blue altar of Sif Muna.
  8158 | D:11     | Found a bloodstained altar of Trog.
  8159 | D:11     | Noticed a tengu warrior
  8172 | D:11     | Killed a tengu warrior
  8172 | D:11     | Reached XP level 12. HP: 88/112 MP: 11/11
  8228 | D:11     | Reached skill level 12 in Fighting
  8285 | D:11     | Found a runed door.
  8523 | D:11     | Noticed a yaktaur captain
  8538 | D:11     | Reached ****** piety under Trog
  8542 | D:11     | Killed a yaktaur captain
  8558 | D:11     | Got a faintly glowing golden amulet
  8583 | D:11     | Identified the amulet of Acliowke {Inacc rElec rC- MP+9
                  | Stlth+} (You found it on level 11 of the Dungeon)
  8647 | D:12     | Reached skill level 13 in Fighting
  8910 | D:12     | Noticed a two-headed ogre
  8926 | D:12     | Killed a two-headed ogre
  9069 | D:12     | Found an iron altar of Okawaru.
  9163 | D:12     | Found a staircase to the Orcish Mines.
  9281 | D:12     | Reached skill level 14 in Fighting
  9733 | D:12     | Noticed a four-headed hydra
  9742 | D:12     | Killed a four-headed hydra
  9742 | D:12     | Reached XP level 13. HP: 115/125 MP: 10/12
 10074 | Lair:1   | Entered Level 1 of the Lair of Beasts
 10084 | Lair:1   | Received a gift from Trog
 10337 | Lair:1   | Found a transporter.
 10497 | Lair:1   | Found a transporter.
 11145 | Lair:1   | Got a warped cloak
 11156 | Lair:1   | Identified the +0 cloak of Qicous {+Inv rElec MR+ Int-3}
                  | (You found it on level 1 of the Lair of Beasts)
 11240 | Lair:2   | Reached skill level 15 in Fighting
 11868 | Lair:2   | Found a staircase to the Snake Pit.
 12409 | Lair:3   | Reached skill level 15 in Armour
 12529 | Lair:4   | Reached skill level 1 in Shields
 12545 | Lair:4   | Found a frozen archway.
 12560 | IceCv    | Entered an ice cave
 12584 | IceCv    | Received a gift from Trog
 12631 | IceCv    | Reached skill level 16 in Fighting
 12687 | IceCv    | Paralysed by fainting for 6 turns
 12730 | IceCv    | Paralysed by fainting for 5 turns
 12845 | IceCv    | Noticed a reaper
 12853 | IceCv    | Killed a reaper
 13218 | Lair:4   | Reached skill level 5 in Shields
 13386 | Lair:4   | Found a staircase to the Swamp.
 13604 | Lair:4   | Reached XP level 14. HP: 85/138 MP: 13/13
 14275 | Lair:5   | Noticed Urug
 14292 | Lair:5   | Killed Urug
 14847 | Lair:6   | Entered Level 6 of the Lair of Beasts
 15316 | Lair:6   | Received a gift from Trog
 15372 | Lair:6   | Reached skill level 17 in Fighting
 15464 | Lair:6   | Reached skill level 10 in Shields
 15507 | Lair:6   | Got a warped ruby amulet
 15580 | Lair:6   | Identified the amulet of Ciweig {rElec rPois Regen+ Str-2}
                  | (You found it on level 6 of the Lair of Beasts)
 15740 | Lair:6   | Found a staircase to the Slime Pits.
 16176 | Lair:6   | Reached XP level 15. HP: 142/147 MP: 14/14
 16658 | Orc:1    | Entered Level 1 of the Orcish Mines
 16669 | Orc:1    | Received a gift from Trog
 16907 | Orc:1    | Found a burning altar of Makhleb.
 17023 | Orc:2    | Entered Level 2 of the Orcish Mines
 17023 | Orc:2    | Found a staircase to the Elven Halls.
 17113 | Orc:2    | Found a roughly hewn altar of Beogh.
 17213 | Orc:2    | Found Desouw's Magic Scroll Shop.
 17275 | Orc:2    | Found Gyplib's Antique Weapon Shop.
 17283 | Orc:2    | Bought a jewelled demon whip for 680 gold pieces
 17283 | Orc:2    | Identified the +4 demon whip "Lyizocaz" {elec, Str+3} (You
                  | bought it in a shop on level 2 of the Orcish Mines)
 17312 | Orc:2    | Received a gift from Trog
 17384 | Orc:2    | Found a roughly hewn altar of Beogh.
 17503 | Orc:2    | Bought a scroll of teleportation for 48 gold pieces
 17503 | Orc:2    | Bought a scroll of teleportation for 48 gold pieces
 18079 | Orc:2    | Gained mutation: You are clumsy. (Dex -2) [a neqoxec]
 18150 | Orc:2    | Reached skill level 18 in Fighting
 18162 | Orc:2    | Found Ykkiurepu's Gadget Emporium.
 18165 | Orc:2    | Found Diuric's Jewellery Shoppe.
 18168 | Orc:2    | Found Xixecox's General Store.
 18169 | Orc:2    | Found Moaraz's Distillery.
 18174 | Orc:2    | Bought a potion of curing for 39 gold pieces
 18174 | Orc:2    | Bought a potion of curing for 39 gold pieces
 18195 | Orc:2    | Bought a potion of heal wounds for 85 gold pieces
 18536 | D:13     | Noticed Josephine
 18541 | D:13     | Banished Josephine
 18650 | D:13     | Found a gate to the Vaults.
 18809 | D:13     | Noticed Maurice
 18830 | D:13     | Killed Maurice
 18830 | D:13     | Received a gift from Trog
 19329 | D:13     | Paralysed by fainting for 9 turns
 19350 | D:13     | Paralysed by fainting for 9 turns
 19363 | D:13     | Paralysed by fainting for 6 turns
 19570 | D:14     | Found a shimmering altar of Xom.
 19815 | D:14     | Lost intelligence.
 19994 | D:14     | Upgraded the game from 0.22.1-57-g7394efd to
                  | 0.22.2-1-ge965b3a
 20620 | D:15     | Entered Level 15 of the Dungeon
 20815 | D:15     | Reached XP level 16. HP: 127/159 MP: 15/15
 20827 | D:15     | Found a staircase to the Depths.
 20862 | D:15     | Reached skill level 19 in Fighting
 20936 | D:15     | Paralysed by a great orb of eyes for 2 turns
 21044 | D:15     | Received a gift from Trog
 21214 | D:15     | Found a shattered altar of Ashenzari.
 22083 | Swamp:1  | Entered Level 1 of the Swamp
 24368 | Swamp:3  | Received a gift from Trog
 24423 | Swamp:3  | Got a clouded ivory ring
 24624 | Swamp:4  | Entered Level 4 of the Swamp
 24730 | Swamp:4  | Identified the ring "Wuborgh" {rElec rN+ MR- Int+2 Dex+2}
                  | (You found it on level 3 of the Swamp)
 24802 | Swamp:4  | Reached skill level 15 in Shields
 24856 | Swamp:4  | Reached skill level 5 in Dodging
 24863 | Swamp:4  | Noticed Kirke
 24890 | Swamp:4  | Found a basalt altar of Yredelemnul.
 24906 | Swamp:4  | Reached skill level 20 in Fighting
 25076 | Swamp:4  | Noticed a thorn hunter
 25088 | Swamp:4  | Banished a thorn hunter
 25232 | Swamp:4  | Noticed Roxanne
 25448 | Swamp:4  | Killed Kirke
 25540 | Swamp:4  | Received a gift from Trog
 25612 | Swamp:4  | Reached XP level 17. HP: 116/171 MP: 16/16
 25830 | Swamp:4  | Killed Roxanne
 25935 | Swamp:4  | Got a decaying rune of Zot
 26146 | Slime:1  | Entered Level 1 of the Pits of Slime
 26366 | Vaults:1 | Entered Level 1 of the Vaults
 26415 | Vaults:1 | Got a pair of brightly glowing boots
 26421 | Vaults:1 | Identified the cursed +0 pair of boots of Inquiry {Int+5}
                  | (You found it on level 1 of the Vaults)
 27156 | Vaults:1 | Noticed Saint Roka
 27166 | Vaults:1 | Banished Saint Roka
 27166 | Vaults:1 | Reached skill level 21 in Fighting
 27271 | Vaults:1 | Found Qalu's General Store.
 27296 | Vaults:1 | Paralysed by an ogre mage for 2 turns
 27691 | Vaults:1 | Found Yckaseg's General Store.
 27843 | Vaults:1 | Found Nedwozon's Food Shoppe.
 27851 | Vaults:1 | Received a gift from Trog
 27889 | Vaults:1 | Found Iquit's Jewellery Boutique.
 28371 | Vaults:2 | Noticed Mara
 28385 | Vaults:2 | Noticed nicolaieve's illusion
 28675 | Vaults:2 | Reached skill level 22 in Fighting
 28761 | Vaults:2 | Paralysed by fainting for 8 turns
 28776 | Vaults:2 | Paralysed by fainting for 5 turns
 28786 | Vaults:2 | Paralysed by fainting for 6 turns
 28806 | Vaults:2 | Paralysed by fainting for 8 turns
 28835 | Vaults:2 | Paralysed by fainting for 9 turns
 28980 | Vaults:2 | Noticed Boris
 29087 | Vaults:2 | Noticed nicolaieve's illusion
 29096 | Vaults:2 | Killed Mara
 29452 | Vaults:2 | Killed Boris
 29452 | Vaults:2 | Reached XP level 18. HP: 181/185 MP: 17/17
 29545 | Vaults:2 | Found Durymuy's Weapon Emporium.
 29645 | Vaults:2 | Received a gift from Trog
 29943 | Vaults:2 | Received a gift from Trog
 30580 | Vaults:3 | Reached skill level 23 in Fighting
 30829 | Vaults:3 | Found a staircase to the Crypt.
 31465 | Vaults:3 | Received a gift from Trog
 32500 | Vaults:4 | Paralysed by a great orb of eyes for 4 turns
 32647 | Vaults:4 | Reached XP level 19. HP: 186/195 MP: 18/18
 33214 | Vaults:4 | Received a gift from Trog
 33439 | Vaults:5 | Entered Level 5 of the Vaults
 33541 | Vaults:4 | Found a runed door.
 33549 | Vaults:4 | Noticed Hyulusul's ghost (adept DgTm)
 33728 | Vaults:4 | Found Ybeatt's General Store.
 33890 | Vaults:4 | Found a portal to a secret trove of treasure.
 35204 | Depths:1 | Entered Level 1 of the Depths
 35233 | Depths:1 | Noticed Louise
 35234 | Depths:1 | Cast into level 2 of the Abyss (Louise)
 35299 | Abyss:2  | Identified a scroll of acquirement
 35425 | Depths:1 | Escaped the Abyss
 35460 | Depths:1 | Killed Louise
 35560 | Depths:1 | Got a jewelled large shield
 35589 | Depths:1 | Identified the +3 large shield of Wafos {Regen+ rCorr
                  | Dex-5} (You took it off Louise on level 1 of the Depths)
 35603 | Depths:1 | Found a one-way gate to the infinite horrors of the Abyss.
 35627 | Depths:1 | Paralysed by a yaktaur for 2 turns
 35629 | Depths:1 | HP: 7/198 [deep troll (9)]
 35629 | Depths:1 | HP: 1/198 [yaktaur/bolt (6)]
 35630 | Depths:1 | Slain by a deep troll

Skill      XL: |  1  2  3  4  5  6  7  8  9 10 11 12 13 14 15 16 17 18 19 |
---------------+----------------------------------------------------------+-----
Maces & Flails | 4 5 6 7 8 9 11 14 16 17 | 17.7
Slings         | 1 |  1.2
Fighting       | 4 8 11 14 16 17 18 20 22 23 | 23.8
Armour         | 3 8 11 14 15 16 17 18 19 | 19.9
Shields        | 5 11 13 15 16 17 | 17.9
Dodging        | 3 4 5 6 |  6.7

Action                   |  1- 3 |  4- 6 |  7- 9 | 10-12 | 13-15 | 16-18 | 19-21 || total
-------------------------+-------+-------+-------+-------+-------+-------+-------++-------
Melee: Mace              |   100 |   152 |       |       |       |       |       ||   252
       Headbutt          |    13 |    32 |    49 |   120 |   369 |   442 |   102 ||  1127
       Morningstar       |       |    18 |   260 |   216 |   393 |       |       ||   887
       Dire flail        |       |       |       |   401 |   149 |       |       ||   550
       Eveningstar       |       |       |       |       |   969 |  1734 |   403 ||  3106
       Unarmed           |       |       |       |       |       |     1 |       ||     1
Invok: Trog's Hand       |       |     1 |       |     3 |    14 |     6 |     5 ||    29
       Berserk           |       |     1 |       |     2 |     6 |     1 |       ||    10
  Use: Scroll            |       |     1 |       |    24 |    10 |    11 |     4 ||    50
       Potion            |       |       |       |       |     1 |     4 |     2 ||     7
 Stab: Petrified         |       |       |       |       |     7 |       |       ||     7
       Petrifying        |       |       |       |       |     3 |       |       ||     3
       Distracted        |       |       |       |       |       |       |     1 ||     1
  Eat: Chunk             |     1 |     7 |     4 |    17 |    36 |    18 |       ||    83
       Ration            |       |       |     2 |       |     4 |     7 |     4 ||    17
Armor: Chain mail        |    63 |    65 |       |       |       |       |       ||   128
       Ring mail         |       |    12 |       |       |       |       |       ||    12
       Plate armour      |       |     8 |   185 |   277 |  1018 |  1004 |   385 ||  2877
Dodge: Dodged            |    46 |    79 |    76 |   195 |   453 |   874 |   330 ||  2053
Block: Other             |       |       |       |    43 |    19 |       |       ||    62
       Reflection        |       |       |       |     2 |    12 |       |       ||    14
       Shield            |       |       |       |       |  1070 |  1279 |   496 ||  2845
       Large shield      |       |       |       |       |       |       |    54 ||    54
